AoeStats
← jphilkill

African Clearing

506603019Analyzed
4v4 RM · 19d ago on Sep 14, 2026· 57m 52s· 8 players
Game mode
Random Map
Map size
Large (8 player)
Population
200
Speed
Normal
Resources
Standard
Victory
Conquest
Starting age
Dark Age
Ending age
Imperial Age
RankedLock teamsTeams togetherTeam positionsShared explorationLock speedFull tech treeHidden civsTurbo modeCheats
Victory
Defeat
🇨🇳 Berbers · China
1220
+12
🇨🇦 Persians · Canada
1171
+14
🇹🇼 Poles · Taiwan
1147
+15
🇦🇺 Magyars · Australia
1141
+15
🇳🇿 Persians · New Zealand
1206
-17
🇺🇸 Burgundians · United States
1165
-16
🇳🇿 Romans · New Zealand
1157
-15
🇩🇪 Celts · Germany
951
-8
dedw1ng
10:56 Loom
13:12 Feudal Age
20:48 Castle Age
20:43 Bloodlines
21:19 Light Cavalry
22:12 Double-Bit Axe
28:15 Bow Saw
28:45 Scale Barding Armor
32:09 Pikeman
33:50 Wheelbarrow
35:38 Chain Barding Armor
35:45 Hand Cart
36:30 Horse Collar
38:38 Gold Mining
39:07 Heavy Plow
39:30 Scale Mail Armor
39:44 Squires
39:57 Forging
42:38 Imperial Age
41:08 Chain Mail Armor
44:01 Husbandry
44:41 Plate Barding Armor
43:44 Halberdier
45:23 Iron Casting
47:06 Conscription
46:44 Cavalier
48:26 Blast Furnace
47:58 Plate Mail Armor
48:36 Gold Shaft Mining
47:56 Stone Mining
48:25 Savar
49:42 Hussar
Defenestrator
13:10 Loom
16:14 Feudal Age
17:14 Double-Bit Axe
20:18 Bloodlines
20:34 Scale Barding Armor
25:22 Castle Age
25:31 Stone Mining
25:33 Gold Mining
26:39 Town Watch
31:17 Sanctity
32:58 Fletching
36:02 Bodkin Arrow
38:25 Fervor
43:30 Scale Mail Armor
44:48 Pikeman
46:40 Wheelbarrow
47:58 Chain Mail Armor
53:30 Imperial Age
53:46 Corvinian Army
54:40 Gold Shaft Mining
53:42 Halberdier
55:35 Bow Saw
55:55 Chain Barding Armor
55:31 Arson
57:12 Conscription
59:02 Two-Man Saw
LoveCreamPie
12:03 Feudal Age
12:43 Double-Bit Axe
20:16 Castle Age
18:10 Gold Mining
18:11 Stone Mining
21:28 Bow Saw
21:49 Horse Collar
23:48 Wheelbarrow
25:27 Heavy Plow
36:53 Imperial Age
34:33 Scale Barding Armor
34:31 Husbandry
34:41 Bloodlines
33:52 Light Cavalry
35:24 Forging
35:35 Chain Barding Armor
35:33 Szlachta Privileges
36:45 Iron Casting
36:36 Loom
36:37 Town Watch
37:03 Padded Archer Armor
36:54 Fletching
37:02 Winged Hussar
38:05 Conscription
38:05 Lechitic Legacy
38:19 Crop Rotation
38:14 Hand Cart
39:13 Chemistry
38:33 Ballistics
37:54 Treadmill Crane
39:17 Chemistry
38:37 Ballistics
39:32 Blast Furnace
41:23 Leather Archer Armor
41:03 Bodkin Arrow
41:15 Siege Engineers
41:21 Masonry
41:32 Bombard Tower
41:27 Crossbowman
42:14 Thumb Ring
42:43 Bracer
42:06 Arbalester
43:06 Cavalier
43:58 Town Patrol
52:15 Murder Holes
54:41 Capped Ram
55:51 Scale Mail Armor
55:12 Elite Obuch
ChungCH1010
13:43 Feudal Age
17:43 Double-Bit Axe
17:55 Horse Collar
25:11 Castle Age
24:15 Fishing Lines
25:58 Gillnets
27:32 Bloodlines
27:22 Husbandry
27:18 Gold Mining
29:52 Bow Saw
32:47 Imperial Age
30:59 Wheelbarrow
30:11 Loom
30:47 Heavy Plow
32:11 Gold Shaft Mining
31:27 Stone Mining
32:25 Kasbah
33:26 Forging
33:21 Scale Barding Armor
33:12 Heavy Camel Rider
34:47 Conscription
35:37 Iron Casting
35:22 Chain Barding Armor
36:08 Chain Barding Armor
38:13 Elite Camel Archer
41:09 Chemistry
42:48 Blast Furnace
42:23 Plate Barding Armor
41:39 Fletching
41:49 Padded Archer Armor
41:57 Maghrebi Camels
43:02 Stone Shaft Mining
46:00 Hand Cart
48:37 Leather Archer Armor
52:20 Ring Archer Armor
51:45 Bodkin Arrow
57:43 Ballistics
FinRahZel
5:41 Loom
12:13 Feudal Age
12:54 Double-Bit Axe
18:51 Castle Age
17:11 Stone Mining
18:31 Town Watch
21:27 Pikeman
30:26 Fletching
33:23 Bow Saw
33:48 Scale Barding Armor
33:51 Devotion
34:57 Chain Barding Armor
34:50 Forging
35:24 Bloodlines
35:52 Husbandry
36:46 Light Cavalry
38:23 Iron Casting
48:15 Bodkin Arrow
48:21 Padded Archer Armor
48:35 Crossbowman
49:22 Thumb Ring
jordan.armstrong
3:45 Loom
13:03 Feudal Age
13:27 Horse Collar
13:36 Double-Bit Axe
18:03 Gold Mining
20:24 Castle Age
18:21 Stone Mining
20:59 Wheelbarrow
21:37 Bow Saw
21:41 Heavy Plow
29:52 Town Watch
30:24 Hand Cart
31:43 Pikeman
32:24 Squires
37:13 Forging
37:04 Scale Mail Armor
50:08 Bloodlines
49:25 Light Cavalry
50:06 Husbandry
51:16 Scale Barding Armor
51:47 Iron Casting
52:44 Chain Barding Armor
Imyourextasy
9:32 Double-Bit Axe
12:33 Wheelbarrow
11:44 Loom
14:28 Feudal Age
14:56 Loom
16:18 Bow Saw
22:09 Castle Age
26:08 Horse Collar
30:38 Scale Barding Armor
30:06 Cavalier
31:57 Hand Cart
33:23 Chain Barding Armor
35:55 Pikeman
36:21 Arson
39:43 Imperial Age
38:03 Scale Mail Armor
38:14 Forging
38:37 Burgundian Vineyards
39:18 Chain Mail Armor
40:10 Iron Casting
40:02 Halberdier
41:26 Conscription
41:46 Plate Mail Armor
42:59 Blast Furnace
43:25 Paladin
46:45 Plate Barding Armor
45:55 Light Cavalry
53:25 Flemish Revolution
jphilkill
4:00 Loom
4:20 Loom
14:41 Feudal Age
15:15 Double-Bit Axe
19:58 Castle Age
17:49 Horse Collar
18:10 Gold Mining
18:18 Stone Mining
21:39 Wheelbarrow
22:04 Scale Mail Armor
22:17 Forging
22:11 Pikeman
27:17 Heavy Plow
29:47 Hand Cart
32:09 Bow Saw
32:12 Fortified Wall
33:35 Gold Shaft Mining
33:45 Scale Barding Armor
34:23 Chain Mail Armor
34:56 Ballistics
34:39 Padded Archer Armor
34:30 Fletching
34:51 Fletching
37:25 Iron Casting
37:45 Bodkin Arrow
37:13 Elite Skirmisher
42:04 Imperial Age
43:46 Conscription
42:49 Cavalier
43:30 Husbandry
43:06 Halberdier
44:15 Capped Ram
45:15 Siege Ram
50:11 Plate Mail Armor
50:41 Blast Furnace
50:43 Chemistry
51:15 Leather Archer Armor
Connection lost

Rejoining the realm…

Still unreachable

The connection could not be restored.

Session expired

The server has moved on; the page needs a fresh start.